Selects Special Operations Battlegroup
Selects M29 Weasel Recon Vehicle
Mechanized Support Center
Designate Forward Repair Station
Selects SSF Commando Squad
Construct Medical Station
Selects P-47 Anti-Infantry Loiter
Selects UNKNOWN (2162291)
Selects Air Re-supply Operation
P-47 Anti-Infantry Loiter
M4A1(76) Sherman Medium Tank
P-47 Anti-Infantry Loiter
M4A1(76) Sherman Medium Tank
M4A1(76) Sherman Medium Tank
M4A1(76) Sherman Medium Tank
Construct Weapon Support Center